 Dungeon Crawl Stone Soup version 0.27.1-34-g3ba077fa99 (webtiles) character file.

Game seed: 11624601684122631894

114 multipassport the Stinger (level 5, -1/28 HPs)
             Began as a Kobold Venom Mage on Jan 16, 2022.
             Was a Follower of the Shining One (penitent).
             Killed from afar by an orc wizard (8 damage)
             ... with a puff of flame
             ... on level 3 of the Dungeon.
             The game lasted 00:09:11 (2914 turns).

multipassport the Stinger (Kobold Venom Mage)       Turns: 2914, Time: 00:09:11

Health: -1/28      AC:  3    Str:  6    XL:     5   Next: 19%
Magic:  5/9        EV: 15    Int: 17    God:    the Shining One [*]
Gold:   95         SH:  0    Dex: 15    Spells: 6/10 levels left

rFire    . . .     SeeInvis .   m - +1 dagger (drain)
rCold    . . .     Faith    .   (shield restricted)
rNeg     . . .     Spirit   .   a - +0 robe
rPois    .         Reflect  .   j - +0 helmet
rElec    .         Harm     .   (no cloak)
rCorr    .         Rampage  .   (no gloves)
Will     .....                  (no boots)
Stlth    ++........             (no amulet)
HPRegen  0.09/turn              (no ring)
MPRegen  0.11/turn              (no ring)

@: confused
A: small, no large weapons, nightstalker 3
a: Renounce Religion


You were on level 3 of the Dungeon.
You worshipped the Shining One.
The Shining One was demanding penance.
You visited 1 branch of the dungeon, and saw 3 of its levels.

You collected 95 gold pieces.

Inventory:

Hand Weapons
 b - a +0 dagger
 m - a +1 dagger of draining (weapon)
Armour
 a - a +0 robe (worn)
 j - a +0 helmet (worn)
Scrolls
 c - a scroll of immolation {unknown}
 e - a scroll of noise {unknown}
 f - a scroll of fog {unknown}
 g - a scroll of vulnerability {unknown}
 h - a scroll of identify {unknown}
 l - a scroll of acquirement {unknown}
 n - a scroll of silence {unknown}
 o - a scroll of teleportation {unknown}
 p - a scroll of blinking {unknown}
Potions
 d - a potion of degeneration {unknown}
 i - a potion of ambrosia {unknown}
 k - a potion of mutation {unknown}


   Skills:
 + Level 3.4 Dodging
 - Level 2.6 Stealth
 + Level 3.0 Spellcasting
 + Level 1.3 Conjurations
 - Level 1.5 Transmutations
 + Level 1.3 Air Magic
 + Level 3.6 Poison Magic


You had 6 spell levels left.
You knew the following spells:

 Your Spells              Type           Power      Damage    Failure   Level
a - Sting                 Tmut/Pois      44%        1d5       6%          1
b - Mephitic Cloud        Conj/Pois/Air  9%         N/A       22%         3

Your spell library contained the following spells:

 Spells                   Type           Power      Damage    Failure   Level
 Poisonous Vapours        Pois/Air       22%        N/A       10%         2
 Animate Skeleton         Necr           4%         N/A       17%         1
 Apportation              Tloc           4%         N/A       17%         1
 Corona                   Hex            2%         N/A       17%         1
 Summon Small Mammal      Summ           8%         N/A       17%         1
 Olgreb's Toxic Radiance  Pois           15%        N/A       36%         4


Dungeon Overview and Level Annotations

Branches:
Dungeon (3/15)

Altars:
The Shining One


Innate Abilities, Weirdness & Mutations

You are small and have problems with some larger weapons.
You are completely attuned to the shadows.


Message History

Press: ? - help, Q - select action Shift-Dir - straight line, f/p - orc wizard
Aim: an orc wizard, wielding a +0 dagger and wearing a +0 robe (lightly wounded, poisoned, 64% to hit)
The sting misses the orc wizard.
The orc wizard gestures at you while chanting.
You are confused.
You're too confused to cast spells.
You bump into the rock wall.
The orc wizard barely misses you.
You feel guilty. "You will pay for your transgression, mortal!"
Your divine halo fades away.
You hit the orc wizard.
The orc wizard is heavily wounded.
The orc wizard barely misses you.
You miss the orc wizard.
The orc wizard is heavily wounded.
The orc wizard looks more healthy.
The orc wizard casts a spell at you. The magic dart hits you.
You bump into the rock wall.
You feel less confused. The orc wizard barely misses you.
Aiming: Sting (safe; 6% risk of failure)
Press: ? - help, Q - select action Shift-Dir - straight line, f/p - orc wizard
Aim: an orc wizard, wielding a +0 dagger and wearing a +0 robe (heavily wounded, 64% to hit)
The sting misses the orc wizard.
The orc wizard casts a spell at you.
You are confused.
You bump into the rock wall.
The orc wizard casts a spell at you. The magic dart hits you!
* * * LOW HITPOINT WARNING * * *
You bump into the rock wall.
The orc wizard hits you with a +0 dagger.
* * * LOW HITPOINT WARNING * * *
You bump into the rock wall.
The orc wizard closely misses you.
You bump into the rock wall.
The orc wizard closely misses you.
You bump into the rock wall.
The orc wizard points at you and mumbles some strange words.
The puff of flame hits you!
You die...

##.#.#
#...#
##..#
##.>#
#<#.#
#.#.#
#.#)#
#.#o#
#.#@#
#.#
#..
####


You could see an orc wizard.

Vanquished Creatures
  An orc priest (D:2)
  An iguana (D:3)
  2 worms (D:2)
  4 orcs
  3 endoplasms
  3 giant cockroaches
  4 goblins
  6 hobgoblins
  4 quokkas
  6 ball pythons
  3 bats
  2 frilled lizards
  5 kobolds
  5 rats
49 creatures vanquished.

Vanquished Creatures (others)
  A plant (D:1)
1 creature vanquished.

Grand Total: 50 creatures vanquished

Notes
Turn   | Place    | Note
-------+----------+-------------------------------------------
     0 | D:1      | multipassport the Kobold Venom Mage began the quest for the
                  | Orb.
     0 | D:1      | Reached XP level 1. HP: 10/10 MP: 3/3
   306 | D:1      | Reached XP level 2. HP: 15/15 MP: 1/5
   965 | D:1      | Found a faded altar of an unknown god.
   973 | D:1      | Became a worshipper of the Shining One
   973 | D:1      | Reached * piety under the Shining One
  1067 | D:2      | Reached XP level 3. HP: 19/19 MP: 0/6
  1071 | D:2      | Learned a level 3 spell: Mephitic Cloud
  1361 | D:2      | Reached XP level 4. HP: 11/24 MP: 0/8
  1904 | D:2      | Reached skill level 1 in Air Magic
  1905 | D:2      | Reached skill level 1 in Conjurations
  2833 | D:3      | Reached XP level 5. HP: 14/28 MP: 5/9
  2905 | D:3      | Was placed under penance by the Shining One
  2914 | D:3      | Killed from afar by an orc wizard

Illustrated notes

Levels and vault maps discovered:
D:1:      dpeg_arrival_windows_large_door, layout_basic,
          shapermc_ecumenical_altar_ellora, minivault_26, minmay_quantized
D:2:      layout_basic
D:3:      layout_basic, gammafunk_ghost_mausoleum, minmay_distorted

Skill      XL: |  1  2  3  4 |
---------------+-------------+-----
Dodging        | 3 |  3.4
Air Magic      | 1 |  1.3
Conjurations   | 1 |  1.3
Spellcasting   | 3 |  3.0
Stealth        | |  2.6
Transmutations | |  1.5
Poison Magic   | |  3.6

Action                   |  1- 3 |  4- 6 || total
-------------------------+-------+-------++-------
Melee: Unarmed           |     3 |       ||     3
       Dagger            |    14 |     3 ||    17
 Cast: Sting             |    52 |    49 ||   101
Armor: Robe              |     4 |     3 ||     7
Dodge: Dodged            |    16 |    15 ||    31
